 Dungeon Crawl Stone Soup version 0.22.0-27-ga576289 (webtiles) character file.

135 Dietz the Chopper (level 5, 0/46 HPs)
             Began as a Hill Orc Enchanter on Aug 22, 2018.
             Blown up by Ijyb (10 damage)
             ... with a wand of disintegration (5)
             ... on level 4 of the Dungeon.
             The game lasted 00:04:25 (3545 turns).

Dietz the Chopper (Hill Orc Enchanter)              Turns: 3545, Time: 00:04:25

Health: 0/46       AC:  6    Str: 11    XL:     5   Next: 18%
Magic:  7/7        EV: 10    Int: 15    God:
Gold:   135        SH:  0    Dex: 12    Spells: 6/7 levels left

rFire    . . .     SeeInvis +   m - +0 war axe
rCold    . . .     Gourm    .   (no shield)
rNeg     . . .     Faith    .   g - +0 ring mail
rPois    .         Spirit   .   (no helmet)
rElec    .         Reflect  .   (no cloak)
rCorr    .         Harm     .   p - +0 pair of gloves
MR       .....                  (no boots)
Stlth    +.........             (no amulet)
HPRegen  0.15/turn              o - ring of see invisible
MPRegen  0.10/turn              (no ring)

@: no status effects
A: no striking features
a: no special abilities


You were on level 4 of the Dungeon.
You were not hungry.

You visited 1 branch of the dungeon, and saw 4 of its levels.

You collected 135 gold pieces.

Inventory:

Hand Weapons
 a - a +1 dagger
 m - a +0 war axe (weapon)
Armour
 g - a +0 ring mail (worn)
 p - a +0 pair of gloves (worn)
Jewellery
 o - a ring of see invisible (left hand)
 q - an uncursed ring of resist corrosion {unknown}
Scrolls
 b - a scroll of enchant armour {unknown}
 e - 2 scrolls of teleportation
 i - a scroll of blinking {unknown}
 l - a scroll of identify {unknown}
 n - a scroll of fog {unknown}
 r - a scroll of fear {unknown}
 t - a scroll of enchant weapon {unknown}
Potions
 c - 2 potions of brilliance {unknown}
 f - 2 potions of lignification {unknown}
 h - 2 potions of curing
 j - a potion of degeneration {unknown}
 k - a potion of mutation {unknown}
Comestibles
 d - 7 rations
 s - 2 chunks of flesh


   Skills:
 - Level 3.6 Fighting
 - Level 1.0 Short Blades
 + Level 4.0 Axes
 - Level 1.2 Armour
 - Level 1.5 Dodging
 - Level 2.4 Stealth
 - Level 1.5 Spellcasting
 - Level 3.0 Hexes


You had 6 spell levels left.
You knew the following spells:

 Your Spells              Type           Power        Failure   Level  Hunger
a - Corona                Hex            ##.....      16%         1    ##.....

Your spell library contained the following spells:

 Spells                   Type           Power        Failure   Level  Hunger
 Ensorcelled Hibernation  Hex/Ice        #.....       41%         2    ###....
 Confuse                  Hex            ##......     43%         3    ####...
 Tukima's Dance           Hex            ##......     43%         3    ####...
 Dazzling Spray           Conj/Hex       #.....       65%         3    ####...


Dungeon Overview and Level Annotations

Branches:
Dungeon (4/15)
 Temple: D:4-7

Altars:
Dithmenos
Hepliaklqana
Nemelex Xobeh
Zin
The Shining One

Annotations:
D:3 1 runed door
D:4 Ijyb


Message History

You aren't carrying any items that you can evoke.
Okay, then.
You closely miss Ijyb.
Ijyb is lightly wounded.
Ijyb hits you but does no damage.
You barely miss Ijyb.
Ijyb is lightly wounded.
Ijyb closely misses you.
You hit Ijyb but do no damage.
Ijyb is lightly wounded.
Ijyb zaps a wand.
You are blasted!
Ijyb closely misses you.
You closely miss Ijyb.
Ijyb is lightly wounded.
Ijyb screams, "Get away!"
Ijyb barely misses you.
You feel better.
Ijyb zaps a wand.
You are blasted!
* * * LOW HITPOINT WARNING * * *
Sorry, you're not good enough to have a special ability.
Ijyb zaps a wand.
You are blasted!
You die...

#.. .. +.. ... #.. .§#
#.. ##§§.§§##
#..##§§§.§§§##
#..#§§.§.§§§§#
#..g(..........
#..@...._.§§§.§
#..§§§§.§§§§§ #
###..#§§§.§§§.§ #
#≈#..##§§.§§§§# #
.§... #§§..§## .+ #
#≈#..####..§####.# #
####..............# #
..........#.......# #
+#####'###.......#####


You could see Ijyb.

Vanquished Creatures
  A worker ant (D:4)
  3 adders (D:2)
  A worm (D:2)
  4 dart slugs
  A leopard gecko (D:1)
  4 orcs
  3 giant cockroaches
  8 goblins
  4 hobgoblins
  16 jackals
  A ball python (D:3)
  5 bats
  3 frilled lizards (D:2)
  3 kobolds
  8 rats
65 creatures vanquished.

Notes
Turn   | Place    | Note
-------+----------+-------------------------------------------
     0 | D:1      | Dietz the Hill Orc Enchanter began the quest for the Orb.
     0 | D:1      | Reached XP level 1. HP: 14/14 MP: 3/3
   100 | D:1      | Reached skill level 1 in Fighting
   129 | D:1      | Reached XP level 2. HP: 7/23 MP: 4/4
   979 | D:1      | Reached XP level 3. HP: 31/31 MP: 5/5
  1407 | D:2      | Reached skill level 1 in Armour
  1989 | D:2      | Reached XP level 4. HP: 34/40 MP: 6/6
  1992 | D:2      | Reached skill level 1 in Axes
  2091 | D:2      | Found a glowing golden altar of the Shining One.
  2338 | D:2      | Reached skill level 2 in Axes
  2370 | D:2      | Found a sparkling altar of Nemelex Xobeh.
  2538 | D:3      | Found a runed door.
  2599 | D:3      | Found a hazy altar of Hepliaklqana.
  2802 | D:3      | Reached skill level 3 in Axes
  2841 | D:3      | Found a glowing silver altar of Zin.
  3211 | D:4      | Reached XP level 5. HP: 5/46 MP: 7/7
  3462 | D:4      | Reached skill level 4 in Axes
  3528 | D:4      | Found a shadowy altar of Dithmenos.
  3533 | D:4      | Noticed Ijyb
  3545 | D:4      | Blown up by Ijyb

Skill      XL: |  1  2  3  4  5 |
---------------+----------------+-----
Fighting       | 1 3 |  3.6
Armour         | 1 |  1.2
Axes           | 3 4 |  4.0
Short Blades   | |  1.0
Dodging        | |  1.5
Stealth        | |  2.4
Spellcasting   | |  1.5
Hexes          | |  3.0

Action                   |  1- 3 |  4- 6 || total
-------------------------+-------+-------++-------
Melee: Dagger            |   179 |       ||   179
       War axe           |    14 |   121 ||   135
  Use: Scroll            |     2 |       ||     2
       Potion            |       |     2 ||     2
 Stab: Sleeping          |     1 |       ||     1
  Eat: Chunk             |     3 |     6 ||     9
Armor: Robe              |    33 |       ||    33
       Leather armour    |     4 |       ||     4
       Ring mail         |    18 |    65 ||    83
Dodge: Dodged            |   117 |    81 ||   198
